 Dungeon Crawl Stone Soup version 0.30-a0-141-g30f27751c5 (webtiles) character file.

Game seed: 11953117658563380843

5 brightshaft the Cutter (level 1, -2/21 HPs)
             Began as a Tengu Berserker on Sept 25, 2022.
             Was a Follower of Trog.
             Slain by a ball python (3 damage)
             ... on level 1 of the Dungeon.
             The game lasted 00:00:33 (209 turns).

brightshaft the Cutter (Tengu Berserker)             Turns: 209, Time: 00:00:34

Health: -2/21      AC:  2    Str: 17    XL:     1   Next: 80%
Magic:  2/2        EV:  9    Int:  7    God:    Trog [*.....]
Gold:   10         SH:  0    Dex: 13    Spells: 0/0 levels left

rFire   . . .      SeeInvis .    a - +0 short sword
rCold   . . .      Faith    .    (no shield)
rNeg    . . .      Spirit   .    b - +0 animal skin
rPois   .          Reflect  .    (helmet restricted)
rElec   .          Harm     .    (no cloak)
rCorr   .          Rampage  .    (no gloves)
Will    .....                    (boots unavailable)
Stlth   ..........               (no amulet)
HPRegen 0.07/turn                (no ring)
MPRegen 0.08/turn                (no ring)

@: berserking, constricted, very quick
A: beak, talons 3
a: Renounce Religion, Berserk


You were on level 1 of the Dungeon.
You worshipped Trog.
Trog was aware of your devotion.
You visited 1 branch of the dungeon, and saw 1 of its levels.

You collected 10 gold pieces.

Inventory:

Hand Weapons
 a - a +0 short sword (weapon)
Armour
 b - a +0 animal skin (worn)
Scrolls
 d - a scroll of identify {unknown}
 e - a scroll of blinking {unknown}
Potions
 c - a potion of haste {unknown}
 f - a potion of attraction {unknown}


   Skills:
 + Level 3.0 Fighting
 * Level 3.4 Short Blades
 + Level 2.3 Armour
 + Level 2.3 Dodging


You couldn't memorise any spells.
You didn't know any spells.
Your spell library was empty.

Dungeon Overview and Level Annotations

Branches:
Dungeon (1/15)

Altars:

Shops:
D:1 !


Innate Abilities, Weirdness & Mutations

You have a beak for a mouth.
You have claws for feet.


Message History

A hobgoblin comes into view.
A rat comes into view.
The hobgoblin shouts!
You hit the frilled lizard.
You kill the frilled lizard!
Trog accepts your kill.
You hear an angry hiss.
A ball python comes into view.
The ball python moves out of view.
You see here a frilled lizard corpse.
You closely miss the quokka. You peck the quokka, but do no damage.
The quokka bites you.
A ball python comes into view.
The ball python hisses angrily.
You hit the quokka but do no damage. You claw the quokka.
Your peck misses the quokka.
The quokka is almost dead.
A hobgoblin comes into view.
The quokka bites you.
You are too injured to fight recklessly!
You are too injured to fight recklessly!
You are too injured to fight recklessly!
The quokka attacks as you move away! The quokka closely misses you.
The hobgoblin shouts!
The quokka closely misses you. The quokka attacks as you move away!
The quokka bites you. The quokka misses you. x2
The quokka attacks as you move away! The quokka bites you.
* * * LOW HITPOINT WARNING * * *
You see here a rat corpse.
You hit the quokka but do no damage. Your peck misses the quokka.
Your punch misses the quokka.
The quokka is severely wounded.
The quokka closely misses you. The ball python bites you.
* * * LOW HITPOINT WARNING * * *
The ball python grabs you. The ball python constricts you.
A red film seems to cover your vision as you go berserk!
You feel yourself moving faster!
You feel mighty! The quokka bites you.
* * * LOW HITPOINT WARNING * * *
The ball python bites you.
You die...

§≈§≈#.#..(.†...8#...#
§.§≈#.#.###.##..#...##
...≈#.#.#
#.##.#.....##
~..≈#...#
#............
...≈#####
#...........# ..≈≈
####.#......# §≈≈≈
#.#......# §≈≈≈
#...####.# ####
##.@####.# # ..
##rSS...# #. ..#
#g.....# .# #..
#.g##### .##.#
##.rg#### ...#
#.......###...##.#
#.......#...#...#
#.........†.....#
#......>........#


You could see a quokka, 3 hobgoblins, 2 ball pythons and a rat.

Vanquished Creatures
  A giant cockroach (D:1)
  A ball python (D:1)
  2 frilled lizards (D:1)
  A kobold (D:1)
  2 rats (D:1)
7 creatures vanquished.

Notes
Turn   | Place    | Note
-------+----------+-------------------------------------------
     0 | D:1      | brightshaft the Tengu Berserker began the quest for the
                  | Orb.
     0 | D:1      | Reached XP level 1. HP: 14/14 MP: 2/2
   105 | D:1      | Found Ojowelij's Distillery.
   209 | D:1      | HP: 1/21 [quokka (3)]
   209 | D:1      | Slain by a ball python

Illustrated notes

Levels and vault maps discovered:
D:1:      dpeg_arrival_shrine, layout_basic, serial_shops, shop_statue,
          kennysheep_nondescript, minmay_vboxes

Action                   || total
-------------------------++-------
Melee: Short sword       ||    19
       Kick              ||     5
       Peck              ||     2
Invok: Berserk           ||     1
Armor: Animal skin       ||     1
Dodge: Dodged            ||    13

Table legend: (Time is in decaauts)
 A = Elapsed time spent in this place.
 B = Non-inter-level travel time spent in this place.
 C = Inter-level travel time spent in this place.
 D = Time resting spent in this place.
 E = Time spent auto-exploring this place.
 F = Levels seen in this place.
 G = Mean time per level.
                   A        B        C        D        E       F      G
               +--------+--------+--------+--------+--------+-----+--------+
         Total |    206 |    206 |      0 |      0 |    146 |   1 |  206.0 |
       Dungeon |    206 |    206 |      0 |      0 |    146 |   1 |  206.0 |
               +--------+--------+--------+--------+--------+-----+--------+

Top non-repeatable levels by time:
     D:1: 206 daAuts
